 Dungeon Crawl Stone Soup version 0.29.1-1-gd02db6906a (webtiles) character file.

Game seed: 4200587390728808082

15 sizableburger the Trooper (level 2, -5/24 HPs)
             Began as a Mummy Fighter on Sept 16, 2022.
             Slain by a kobold
             ... wielding a +0 whip of electrocution
              (16 damage)
             ... on level 1 of the Dungeon.
             The game lasted 00:01:47 (487 turns).

sizableburger the Trooper (Mummy Fighter)            Turns: 487, Time: 00:01:47

Health: -5/24      AC:  6    Str: 19    XL:     2   Next: 34%
Magic:  2/2        EV:  9    Int:  7    God:
Gold:   25         SH:  4    Dex: 11    Spells: 1/1 levels left

rFire   . . .      SeeInvis .   a - +0 trident
rCold   . . .      Faith    .   c - +0 buckler
rNeg    + + +      Spirit   .   b - +0 scale mail
rPois   ∞          Reflect  .   (no helmet)
rElec   .          Harm     .   (no cloak)
rCorr   .          Rampage  .   (no gloves)
Will    .....                   (no boots)
Stlth   ..........              (no amulet)
HPRegen 0.08/turn               d - ring of fire
MPRegen 0.08/turn               (no ring)

@: no status effects
A: cold resistance 1, negative energy resistance 3, torment resistance 2, heat
vulnerability 1, no potions
a: no special abilities


You were on level 1 of the Dungeon.
You visited 1 branch of the dungeon, and saw 1 of its levels.

You collected 25 gold pieces.

Inventory:

Hand Weapons
 a - a +0 trident (weapon)
Missiles
 e - 3 boomerangs
 f - 2 poisoned darts (quivered)
Armour
 b - a +0 scale mail (worn)
 c - a +0 buckler (worn)
Jewellery
 d - a ring of fire (left hand)
Scrolls
 g - a scroll of silence {unknown}
 h - a scroll of teleportation {unknown}
 i - a scroll of identify {unknown}


   Skills:
 + Level 3.3 Fighting
 + Level 2.0 Polearms
 + Level 0.2 Throwing
 - Level 2.4 Armour
 - Level 2.4 Shields


You had one spell level left.
You didn't know any spells.
Your spell library contained the following spells:

 Spells                   Type           Power      Damage    Failure   Level
 Dazzling Flash           Conj/Hex       0%         N/A       99%         3
 Iskenderun's Mystic Bla  Conj/Tloc      0%         2d3       100%        4
 Starburst                Conj/Fire      0%         6d3       100%        6


Dungeon Overview and Level Annotations

Branches:
Dungeon (1/15)

Altars:


Innate Abilities, Weirdness & Mutations

You are immune to poison.
Your flesh is cold resistant. (rC+)
You are immune to negative energy. (rN+++)
You are immune to unholy pain and torment.
You are vulnerable to heat. (rF-)
You do not drink.


Message History

The endoplasm quivers.
You block the ball python's attack. The ball python constricts you.
You block the ball python's attack. The ball python constricts you.
You escape the ball python's grasp.
You see here an emerald potion.
The ball python attacks as you move away!
The ball python misses you.
The ball python attacks as you move away!
The ball python barely misses you. The ball python completely misses you.
The ball python barely misses you.
The ball python attacks as you move away!
The ball python barely misses you.
You closely miss the ball python.
The ball python bites you but does no damage.
The ball python closely misses you.
Reach: a) +0 trident
Press: ? - help, Dir - move target, f - kobold, p - ball python
Aim: a kobold, wielding a +0 whip of electrocution (about 53% to evade your +0 trident)
The ball python is in the way.
You puncture the ball python!
You kill the ball python!
Unknown command.
You can't drink.
Throw: 3 darts (poison)
Press: ? - help, Q - select action, (/) - cycle Shift-Dir - straight line, f/p - kobold
Aim: a kobold, wielding a +0 whip of electrocution (47% to hit)
You throw a poisoned dart. The poisoned dart hits the kobold.
The kobold is poisoned.
The kobold hits you with a +0 whip of electrocution.
You are electrocuted!
You can't drink.
Okay, then.
You aren't carrying any items that you can evoke.
Throw: 2 darts (poison)
Press: ? - help, Q - select action, (/) - cycle Shift-Dir - straight line, f/p - kobold
Aim: a kobold, wielding a +0 whip of electrocution (poisoned, 47% to hit)
Okay, then.
The kobold attacks as you move away! The kobold hits you but does no damage.
You are electrocuted!
Ouch! That really hurt!
You die...

######..............
##.#.#.#.#....J......
#.................... .
##.......#...........
...♣....
#..........!..........
........
##...>..K#..######.#..
...♣.... #..........##
###.... ........
###.......######.......
...♣....
#...........J.K@.......
........
#.#.#.#.#.######.......
...♣.... #...####.##
######. ........
###......# ###.
......#''' #)####.# #..
#....###... #.# ##.#
#.# #....#.....
#.###..# #|#
#....#..... #......#
###.# #....#.....
#..###.####...##
#....#.....


You could see an endoplasm and a kobold (poisoned).

Vanquished Creatures
  A dart slug (D:1)
  3 ball pythons (D:1)
  2 goblins (D:1)
  A hobgoblin (D:1)
  2 bats (D:1)
  3 kobolds (D:1)
  2 rats (D:1)
14 creatures vanquished.

Notes
Turn   | Place    | Note
-------+----------+-------------------------------------------
     0 | D:1      | sizableburger the Mummy Fighter began the quest for the
                  | Orb.
     0 | D:1      | Reached XP level 1. HP: 18/18 MP: 1/1
   307 | D:1      | Reached XP level 2. HP: 24/24 MP: 2/2
   487 | D:1      | Slain by a kobold

Illustrated notes

Levels and vault maps discovered:
D:1:      wander_arrival_estate, layout_rooms, chequers_serial_rivers_room_b,
          minmay_strange_pillars, st_stairs_4

Skill      XL: |  1  2 |
---------------+-------+-----
Polearms       | 2 |  2.0
Fighting       | |  3.3
Throwing       | |  0.2
Armour         | |  2.4
Shields        | |  2.4

Action                   || total
-------------------------++-------
Melee: Trident           ||    48
Throw: Dart              ||     1
       Boomerang         ||     1
Armor: Scale mail        ||    15
Dodge: Dodged            ||    26
Block: Buckler           ||    12
